 Dungeon Crawl Stone Soup version 0.30.1-11-g7821555f0a (webtiles) character file.

Game seed: 941006408993620891

2907 GimliDwarf the Magician (level 9, -1/106 HPs)
             Began as a Gnoll Warper on Jan 4, 2024.
             Was a Follower of Dithmenos.
             Slain by a killer bee (3 damage)
             ... on level 7 of the Dungeon.
             The game lasted 00:30:13 (9742 turns).

GimliDwarf the Magician (Gnoll Warper)              Turns: 9742, Time: 00:30:14

Health: -1/106     AC: 24    Str: 17    XL:     9   Next: 78%
Magic:  16/19      EV:  2    Int: 12    God:    Dithmenos [*.....]
Gold:   454        SH:  0    Dex: 16    Spells: 13/22 levels left

rFire   . . .        E - +6 falchion of Theory {flame, rElec rC+ Will+ SInv}
rCold   + . .        (no shield)
rNeg    + . .        u - melded +2 robe "Tuonost" {rPois}
rPois   +            o - melded +1 hat {Stlth+}
rElec   +            l - melded +0 cloak
rCorr   .            (gloves currently unavailable)
SInv    +            (boots currently unavailable)
Will    +....        (no amulet)
Stlth   +++          s - ring of positive energy
HPRegen 0.37/turn    k - +6 ring of strength
MPRegen 0.16/turn

%: no passive effects
@: tree-form, wreathed by umbra, studying Invocations
A: stationary, stasis, torment immunity, boosted hp, (fangs 1), strong nose,
distributed training
a: Renounce Religion


You were on level 7 of the Dungeon.
You worshipped Dithmenos.
Dithmenos was aware of your devotion.
You were a tree.
You visited 2 branches of the dungeon, and saw 9 of its levels.

You collected 454 gold pieces.

Inventory:

Hand Weapons
 a - a +0 spectral falchion
 E - the +6 falchion of Theory (weapon) {flame, rElec rC+ Will+ SInv}
   (You found it on level 8 of the Dungeon)

   rC:        It protects you from cold.
   rElec:     It insulates you from electricity.
   SInv:      It lets you see invisible.
   Will:      It increases your willpower.
Missiles
 d - 10 boomerangs of dispersal
 g - 23 poisoned darts
 w - 4 curare-tipped darts
 z - 4 boomerangs
Armour
 b - a +0 leather armour
 l - a +0 cloak (melded)
 o - a +1 hat of stealth (melded)
 u - the +2 robe "Tuonost" (melded) {rPois}
   (You found it on level 6 of the Dungeon)

   rPois:     It protects you from poison.
Jewellery
 k - a +6 ring of strength (right branch)
 s - a ring of positive energy (left branch)
Wands
 q - a wand of polymorph (2)
Scrolls
 c - a scroll of blinking
 e - 3 scrolls of fear
 i - 2 scrolls of amnesia
 r - a scroll of fog
 t - 2 scrolls of magic mapping {unknown}
 v - a scroll of teleportation
 C - a scroll of enchant armour {unknown}
 D - a scroll of poison
Potions
 f - a potion of resistance
 h - 2 potions of lignification
 j - 2 potions of mutation
 m - 4 potions of haste
 n - a potion of cancellation
 x - 2 potions of heal wounds {unknown}
 A - a potion of attraction {unknown}
 B - a potion of degeneration {unknown}


   Skills:
 + Level 6.7 Fighting
 + Level 4.7 Short Blades
 + Level 6.7 Long Blades
 + Level 4.7 Axes
 + Level 4.7 Maces & Flails
 + Level 4.7 Polearms
 + Level 4.7 Staves
 + Level 4.7 Ranged Weapons
 + Level 5.4 Throwing
 + Level 5.4 Armour
 + Level 6.7 Dodging
 + Level 4.7 Stealth
 + Level 4.7 Shields
 + Level 4.7 Unarmed Combat
 + Level 7.0 Spellcasting
 + Level 3.9 Conjurations
 + Level 3.9 Hexes
 + Level 3.9 Summonings
 + Level 3.9 Necromancy
 + Level 6.8 Translocations
 + Level 3.9 Transmutations
 + Level 3.9 Fire Magic
 + Level 3.9 Ice Magic
 + Level 3.9 Air Magic
 + Level 3.9 Earth Magic
 + Level 3.9 Poison Magic
 + Level 6.6 Invocations
 + Level 4.7 Evocations


You had 13 spell levels left.
You knew the following spells:

 Your Spells              Type           Power      Damage    Failure   Level
a - Blink                 Tloc           40%        N/A       1%          2
b - Vhi's Electric Charg  Tloc/Air       34%        N/A       5%          3
c - Manifold Assault      Tloc           20%        N/A       10%         4

Your spell library contained the following spells:

 Spells                   Type           Power      Damage    Failure   Level
 Lesser Beckoning         Tloc           40%        N/A       1%          2
 Freeze                   Ice            52%        1d6       3%          1
 Teleport Other           Tloc           20%        N/A       3%          3
 Sublimation of Blood     Necr           13%        N/A       4%          2
 Wereblood                Tmut           13%        N/A       4%          2
 Frozen Ramparts          Ice            26%        1d4       10%         3
 Hailstorm                Conj/Ice       13%        3d5       10%         3
 Arcjolt                  Conj/Air       6%         1d16      65%         5
 Plasma Beam              Fire/Air       6%         2x1d18    99%         6
 Summon Hydra             Summ           6%         N/A       100%        7


Dungeon Overview and Level Annotations

Branches:
Dungeon (8/15)             Temple (1/1) D:4
   Lair: D:8-11

Altars:
Ashenzari
Cheibriados
Dithmenos
Elyvilon
Fedhas
Gozag
Hepliaklqana
Kikubaaqudgha
Makhleb
Nemelex Xobeh
Okawaru
Qazlal
Ru
Sif Muna
Trog
Uskayaw
Vehumet
Wu Jian
Xom
Yredelemnul
Zin
The Shining One

Shops:
D:1 !   D:4 ?

Annotations:
D:6 Grinder


Innate Abilities, Weirdness & Mutations

You are a tree.
Your roots penetrate the ground, keeping you stationary.
You cannot be teleported.
You are immune to unholy pain and torment.
Your maximum health is greatly increased.
Your equipment is partially melded.
((You have very sharp teeth.))
Your uncanny sense of smell can sniff out nearby items.
Your experience applies equally to all skills.


Message History

Aim: a killer bee (40% to hit)
You throw a poisoned dart.
The poisoned dart closely misses the killer bee.
The poisoned dart closely misses the killer bee. x2
You feel sick.
Okay, then.
You feel sick. The killer bee closely misses you.
The killer bee barely misses you.
Really quaff the potion of lignification?
You turn into a tree.
Your +0 cloak melds into your body.
Your +1 hat of stealth melds into your body.
The +2 robe "Tuonost" {rPois} melds into your body.
You feel less stealthy.
Your roots penetrate the ground.
You feel sick.
The killer bee stings you but does no damage. x3
You slash the killer bee! You burn the killer bee.
You kill the killer bee!
Dithmenos accepts your kill.
The killer bee stings you but does no damage. x3
You hit the killer bee. You burn the killer bee.
The killer bee is moderately wounded.
You feel sick.
You are no longer poisoned.
The killer bee stings you but does no damage. x4
The killer bee stings you.
* * * LOW HITPOINT WARNING * * *
The killer bee stings you but does no damage.
You barely miss the killer bee.
The killer bee is moderately wounded.
The killer bee stings you but does no damage.
The killer bee stings you.
* * * LOW HITPOINT WARNING * * *
The killer bee stings you.
* * * LOW HITPOINT WARNING * * *
The killer bee stings you but does no damage. x3
You slash the killer bee! You burn the killer bee.
You kill the killer bee!
Dithmenos accepts your kill.
The killer bee stings you but does no damage.
The killer bee stings you.
You die...

#####.#........#...######....##
###.#........##.....#......#
#.........(.>.......#......##
#...#........##.....#........
#...#........##.....#........
#...#........##.....#........
#...#........##.....#........
#...####...#†##.....##.......
##...####...#♣##..............
#..........#yy......#...##....
#..........#........#.........
#..........#........#.........
##########.#........#......###
#.............<..###......###
##................# #######...
#.................# #######...
##.#######.....§##.# #.........


You could see 2 killer bees.

Vanquished Creatures
  A wyvern (D:8)
  3 water moccasins (D:6)
  Duvessa (D:6)
  A black bear (D:5)
  2 orc warriors
  3 ogres
  2 ice beasts
  A centaur (D:6)
  A phantom (D:7)
  2 kobold brigands (D:7)
  2 bullfrogs
  A gnoll sergeant (D:8)
  A scorpion (D:3)
  3 wights (D:7)
  Dowan (D:6)
  7 killer bees
  A howler monkey (D:5)
  A hound (D:5)
  2 orc priests
  A gnoll bouda (D:8)
  2 iguanas (D:5)
  2 sleepcaps
  Jessica (D:2)
  6 orc wizards
  6 gnolls (D:8)
  5 adders
  A shadow imp (D:4)
  3 worms
  A dart slug (D:3)
  22 orcs
  6 bats
  12 endoplasms
  4 goblins
  5 hobgoblins
  7 jackals
  3 quokkas
  9 ball pythons
  2 frilled lizards (D:3)
  10 kobolds
  7 rats
151 creatures vanquished.

Vanquished Creatures (others)
  A spectral weapon (D:6)
1 creature vanquished.

Grand Total: 152 creatures vanquished

Notes
Turn   | Place    | Note
-------+----------+-------------------------------------------
     0 | D:1      | GimliDwarf the Gnoll Warper began the quest for the Orb.
     0 | D:1      | Reached XP level 1. HP: 20/20 MP: 6/6
   265 | D:1      | Reached XP level 2. HP: 26/26 MP: 7/7
   268 | D:1      | Learned a level 2 spell: Blink
   597 | D:1      | Found Udwaryte's Distillery.
   923 | D:1      | Reached skill level 5 in Spellcasting
   923 | D:1      | Reached XP level 3. HP: 26/31 MP: 7/9
  1724 | D:2      | Reached skill level 1 in Invocations
  1983 | D:2      | Noticed Jessica
  1990 | D:2      | Killed Jessica
  1991 | D:2      | Reached skill level 1 in Short Blades
  1991 | D:2      | Reached skill level 1 in Axes
  1991 | D:2      | Reached skill level 1 in Maces & Flails
  1991 | D:2      | Reached skill level 1 in Polearms
  1991 | D:2      | Reached skill level 1 in Staves
  1991 | D:2      | Reached skill level 1 in Ranged Weapons
  1991 | D:2      | Reached skill level 1 in Stealth
  1991 | D:2      | Reached skill level 1 in Shields
  1991 | D:2      | Reached skill level 1 in Unarmed Combat
  1991 | D:2      | Reached skill level 1 in Evocations
  1991 | D:2      | Reached XP level 4. HP: 38/38 MP: 11/11
  2388 | D:3      | Noticed an orc warrior
  2425 | D:3      | Reached skill level 1 in Conjurations
  2425 | D:3      | Reached skill level 1 in Hexes
  2425 | D:3      | Reached skill level 1 in Summonings
  2425 | D:3      | Reached skill level 1 in Necromancy
  2425 | D:3      | Reached skill level 1 in Transmutations
  2425 | D:3      | Reached skill level 1 in Fire Magic
  2425 | D:3      | Reached skill level 1 in Ice Magic
  2425 | D:3      | Reached skill level 1 in Air Magic
  2425 | D:3      | Reached skill level 1 in Earth Magic
  2425 | D:3      | Reached skill level 1 in Poison Magic
  2440 | D:2      | Learned a level 3 spell: Vhi's Electric Charge
  2445 | D:2      | Learned a level 4 spell: Manifold Assault
  2505 | D:3      | Killed an orc warrior
  2506 | D:3      | Reached XP level 5. HP: 43/43 MP: 12/12
  2547 | D:3      | HP: 2/43 [something/magic dart (9)]
  3093 | D:3      | Found a glowing golden altar of the Shining One.
  3098 | D:3      | Found a shimmering blue altar of Sif Muna.
  3099 | D:3      | Found a radiant altar of Vehumet.
  3101 | D:3      | Found a sacrificial altar of Ru.
  3101 | D:3      | Found a shadowy altar of Dithmenos.
  3102 | D:3      | Found a glowing silver altar of Zin.
  3109 | D:3      | Found an opulent altar of Gozag.
  3406 | D:4      | Found Qunimoh's Magic Scroll Boutique.
  3412 | D:4      | Reached XP level 6. HP: 50/50 MP: 13/13
  3729 | D:3      | Reached skill level 5 in Fighting
  3729 | D:3      | Reached skill level 5 in Long Blades
  3729 | D:3      | Reached skill level 5 in Dodging
  3860 | D:4      | Found a staircase to the Ecumenical Temple.
  3881 | Temple   | Entered the Ecumenical Temple
  3976 | D:3      | Became a worshipper of Dithmenos the Shadowed
  4525 | D:5      | Entered Level 5 of the Dungeon
  4658 | D:5      | Noticed a black bear
  4673 | D:5      | Killed a black bear
  4674 | D:5      | Reached XP level 7. HP: 56/56 MP: 15/15
  5711 | D:6      | Identified the +2 robe "Tuonost" {rPois}
  5777 | D:6      | Reached XP level 8. HP: 61/63 MP: 16/16
  5898 | D:6      | Noticed Dowan
  5899 | D:6      | Noticed Duvessa
  5904 | D:6      | Killed Dowan
  5905 | D:6      | Reached skill level 6 in Spellcasting
  5925 | D:6      | Killed Duvessa
  6086 | D:6      | Noticed Grinder
  6803 | D:6      | Reached skill level 5 in Invocations
  6995 | D:7      | Found a bloodstained altar of Trog.
  7000 | D:7      | Found a blossoming altar of Fedhas.
  7290 | D:7      | Reached XP level 9. HP: 53/69 MP: 15/18
  7408 | D:7      | Reached * piety under Dithmenos
  7635 | D:7      | Reached skill level 5 in Throwing
  7635 | D:7      | Reached skill level 5 in Armour
  7759 | D:7      | Found a basalt altar of Yredelemnul.
  7760 | D:7      | Found an ornate altar of the Wu Jian Council.
  8818 | D:7      | HP: 3/71 [poisoned by an orc wizard]
  9418 | D:8      | Identified the +6 falchion of Theory {flame, rElec rC+
                  | Will+ SInv}
  9716 | D:8      | Reached skill level 7 in Spellcasting
  9741 | D:7      | HP: 2/106 [killer bee (4)]
  9742 | D:7      | Slain by a killer bee

Illustrated notes

Levels and vault maps discovered:
D:1:      saegor_arrival_simple_c, layout_loops_corners, serial_shops, shop,
          serial_forest, infiniplex_forest_split, infiniplex_forest_corner_1,
          infiniplex_forest_lined_2, infiniplex_forest_clump_small,
          infiniplex_forest_lined_room_2, infiniplex_forest_end_3,
          hangedman_decor_riveting, nicolae_wormholes
D:2:      layout_rooms, serial_forest, infiniplex_forest_clump_large,
          infiniplex_forest_lined_4_way, infiniplex_forest_end_2,
          infiniplex_forest_end_1, uniq_jessica
D:3:      layout_loops_ring, nicolae_overflow_hallway_of_the_gods
D:4:      layout_rooms, minmay_temple_entry_enclosed_plants, serial_shops,
          nicolae_shop_trees
D:5:      layout_cave_pods, grunt_ministairs_3
D:6:      layout_cave_pods, minmay_manual_mail, uniq_grinder, uniq_duvessa,
          uniq_crazy_yiuf_cottage
D:7:      layout_basic, gammafunk_temple_overflow_pools,
          mainiacjoe_overflow_catwalk_spiral
D:8:      layout_cave_pools, ebering_ghost_xom, serial_bayou_crossing
Temple:   minmay_freezing_vapour_temple

Skill      XL: |  1  2  3  4  5  6  7  8  9 |
---------------+----------------------------+-----
Spellcasting   | 5 6 7 |  7.0
Invocations    | 1 2 3 5 6 |  6.6
Short Blades   | 1 2 3 4 |  4.7
Axes           | 1 2 3 4 |  4.7
Maces & Flails | 1 2 3 4 |  4.7
Polearms       | 1 2 3 4 |  4.7
Staves         | 1 2 3 4 |  4.7
Ranged Weapons | 1 2 3 4 |  4.7
Stealth        | 1 2 3 4 |  4.7
Shields        | 1 2 3 4 |  4.7
Unarmed Combat | 1 2 3 4 |  4.7
Evocations     | 1 2 3 4 |  4.7
Conjurations   | 1 2 3 |  3.9
Hexes          | 1 2 3 |  3.9
Summonings     | 1 2 3 |  3.9
Necromancy     | 1 2 3 |  3.9
Transmutations | 1 2 3 |  3.9
Fire Magic     | 1 2 3 |  3.9
Ice Magic      | 1 2 3 |  3.9
Air Magic      | 1 2 3 |  3.9
Earth Magic    | 1 2 3 |  3.9
Poison Magic   | 1 2 3 |  3.9
Throwing       | 3 4 5 |  5.4
Armour         | 3 4 5 |  5.4
Fighting       | 5 6 |  6.7
Long Blades    | 5 6 |  6.7
Dodging        | 5 6 |  6.7
Translocations | 6 |  6.8

Action                     |  1- 3 |  4- 6 |  7- 9 || total
---------------------------+-------+-------+-------++-------
  Melee: Falchion          |   360 |   198 |   309 ||   867
         Bite              |    74 |    20 |    38 ||   132
         Punch             |     6 |     3 |     8 ||    17
  Throw: Dart              |    10 |    15 |    40 ||    65
   Cast: Blink             |       |     1 |       ||     1
         Vhi's Electric Ch |       |       |    42 ||    42
         Manifold Assault  |       |       |     1 ||     1
    Use: Scroll            |     5 |     7 |     8 ||    20
         Potion            |       |     1 |     5 ||     6
   Stab: Sleeping          |     3 |     4 |       ||     7
         Distracted        |       |     1 |       ||     1
 Armour: Leather armour    |    31 |    70 |    21 ||   122
         Robe              |       |       |    72 ||    72
         Skin              |       |       |    16 ||    16
  Dodge: Dodged            |    69 |   134 |   353 ||   556
